 Dungeon Crawl Stone Soup version 0.28.0-53-g5a82cb258f (webtiles) character file.

Game seed: 14757698883610115913

241 bnorton916 the Magician (level 5, -4/28 HPs)
             Began as a Deep Elf Fire Elementalist on May 20, 2022.
             Slain by Terence
             ... wielding a +0 falchion
              (8 damage)
             ... on level 3 of the Dungeon.
             The game lasted 00:04:05 (2550 turns).

bnorton916 the Magician (DEFE)                      Turns: 2550, Time: 00:04:08

Health: -4/28      AC:  4    Str:  5    XL:     5   Next: 80%
Magic:  7/14       EV: 12    Int: 22    God:
Gold:   71         SH:  0    Dex: 15    Spells: 13/14 levels left

rFire   + . .      SeeInvis .   (no weapon)
rCold   . . .      Faith    .   (no shield)
rNeg    . . .      Spirit   .   i - +2 robe {rF+}
rPois   .          Reflect  .   (no helmet)
rElec   .          Harm     .   (no cloak)
rCorr   .          Rampage  .   (no gloves)
Will    .....                   (no boots)
Stlth   ++........              a - amulet of regeneration
HPRegen 0.89/turn               (no ring)
MPRegen 0.14/turn               (no ring)

@: no status effects
A: no striking features
a: no special abilities


You were on level 3 of the Dungeon.
You visited 1 branch of the dungeon, and saw 3 of its levels.

You collected 71 gold pieces.

Inventory:

Hand Weapons
 g - a +0 dagger of holy wrath
Missiles
 c - 4 boomerangs
 d - 124 stones
 j - 8 poisoned darts
 k - 4 silver boomerangs
Armour
 i - a +2 robe of fire resistance (worn)
Jewellery
 a - an amulet of regeneration (around neck)
Scrolls
 b - 3 scrolls of blinking {unknown}
 e - 2 scrolls of identify {unknown}
 f - a scroll of enchant weapon {unknown}
 l - a scroll of brand weapon {unknown}
 m - a scroll of teleportation {unknown}
Potions
 h - a potion of curing {unknown}


   Skills:
 - Level 2.4 Dodging
 - Level 2.4 Stealth
 + Level 5.3 Spellcasting
 + Level 3.7 Conjurations
 + Level 4.9 Fire Magic


You had 13 spell levels left.
You knew the following spells:

 Your Spells              Type           Power      Damage    Failure   Level
a - Foxfire               Conj/Fire      100%       2x1d9     1%          1

Your spell library contained the following spells:

 Spells                   Type           Power      Damage    Failure   Level
 Scorch                   Fire           54%        2d7       1%          2
 Conjure Flame            Conj/Fire      25%        6-21      4%          3
 Animate Skeleton         Necr           10%        N/A       10%         1
 Apportation              Tloc           10%        N/A       10%         1
 Summon Small Mammal      Summ           20%        N/A       10%         1
 Inner Flame              Hex/Fire       16%        N/A       11%         3
 Flame Wave               Conj/Fire      25%        2d7       16%         4


Dungeon Overview and Level Annotations

Branches:
Dungeon (3/15)

Altars:

Shops:
D:2 *

Annotations:
D:2 Sigmund
D:3 Grinder, Terence


Message History

Terence is moderately wounded.
The foxfire hits Terence but does no damage.
Terence is moderately wounded.
Terence hits you with a +0 falchion!
Unknown command.
Casting: Foxfire (safe; 1% risk of failure)
Confirm with . or Enter, or press ? or * to list all spells.
You conjure some foxfire!
Terence zaps a wand.
The puff of flame hits you. You resist.
* * * LOW HITPOINT WARNING * * *
The foxfire hits Terence.
Terence is heavily wounded.
The foxfire hits Terence but does no damage.
Terence is heavily wounded.
Terence zaps a wand.
The puff of flame hits you. You resist.
* * * LOW HITPOINT WARNING * * *
Unknown command.
Casting: Foxfire (safe; 1% risk of failure)
Confirm with . or Enter, or press ? or * to list all spells.
You conjure some foxfire!
Terence hits you but does no damage.
The foxfire hits Terence.
Terence is heavily wounded.
The foxfire hits Terence but does no damage.
Terence is heavily wounded.
Terence says, "Did you write a will?
You should..."
Terence zaps a wand.
The puff of flame hits you. You resist.
* * * LOW HITPOINT WARNING * * *
You aren't carrying any items that you can evoke.
Okay, then.
Casting: Foxfire (safe; 1% risk of failure)
Confirm with . or Enter, or press ? or * to list all spells.
You conjure some foxfire!
Terence hits you with a +0 falchion.
* * * LOW HITPOINT WARNING * * *
The foxfire hits Terence.
Terence is severely wounded.
The foxfire hits Terence but does no damage.
Terence is severely wounded.
Terence shouts, "Get ready for death!"
Terence hits you with a +0 falchion!
You die...

.. ## .# . .. #.# #.#. #.#
.#. #.# .. ..# #. #.# .#
#..###.##.#
..##......@..#############
.......)..@.........†....##
##
.......##.##.####..####..##
.. !.....@...
#.####..####..#. .#
.......### #.##...........>
.#
#.?...#####.##.#..####>.##
.###
#...........##.#.)......#
.#.##
##...######............##
..#.##
#...#######.......#######


You could see Terence.

Vanquished Creatures
  An orc priest (D:3)
  Jessica (D:2)
  Natasha (thrice) (D:2)
  3 gnolls (D:2)
  4 adders (D:2)
  A worm (D:3)
  2 orcs (D:3)
  2 ball pythons (D:3)
  7 endoplasms
  A giant cockroach (D:1)
  5 goblins
  2 hobgoblins
  3 quokkas (D:2)
  2 bats (D:1)
  3 frilled lizards (D:1)
  4 kobolds
  A rat (D:3)
45 creatures vanquished.

Vanquished Creatures (collateral kills)
  A foxfire (D:1)
1 creature vanquished.

Vanquished Creatures (others)
  227 foxfires
  2 withered plants (D:2)
229 creatures vanquished.

Grand Total: 275 creatures vanquished

Notes
Turn   | Place    | Note
-------+----------+-------------------------------------------
     0 | D:1      | bnorton916 the Deep Elf Fire Elementalist began the quest
                  | for the Orb.
     0 | D:1      | Reached XP level 1. HP: 10/10 MP: 6/6
   272 | D:1      | Found a faded altar of an unknown god.
   325 | D:1      | Reached XP level 2. HP: 15/15 MP: 5/8
   733 | D:2      | Noticed Natasha
   742 | D:2      | Killed Natasha
   743 | D:2      | Reached XP level 3. HP: 19/19 MP: 0/10
   961 | D:2      | Noticed Natasha
   967 | D:2      | Killed Natasha
   968 | D:2      | Reached skill level 4 in Spellcasting
  1035 | D:2      | Reached XP level 4. HP: 24/24 MP: 9/12
  1233 | D:2      | Noticed Natasha
  1239 | D:2      | Killed Natasha
  1280 | D:2      | Noticed Jessica
  1289 | D:2      | Killed Jessica
  1290 | D:2      | Reached XP level 5. HP: 28/28 MP: 9/14
  1416 | D:2      | Noticed Sigmund
  1452 | D:2      | Reached skill level 5 in Spellcasting
  1778 | D:3      | Noticed Grinder
  2256 | D:2      | Found Cutant's Assorted Antiques.
  2520 | D:3      | Noticed Terence
  2550 | D:3      | Slain by Terence

Illustrated notes

Levels and vault maps discovered:
D:1:      dpeg_arrival_tiny_k, layout_rooms, shapermc_ecumenical_altar_rom_forum
D:2:      layout_basic, serial_undead, serial_undead_a, serial_undead_a,
          serial_undead_b, serial_undead_e, serial_shops, shop, shop,
          nicolae_diamond_shop, uniq_jessica, uniq_sigmund, uniq_natasha
D:3:      layout_loops_cross, uniq_terence, uniq_grinder

Skill      XL: |  1  2  3  4  5 |
---------------+----------------+-----
Conjurations   | 2 3 |  3.7
Spellcasting   | 4 5 |  5.3
Fire Magic     | 4 |  4.9
Dodging        | |  2.4
Stealth        | |  2.4

Action                   |  1- 3 |  4- 6 || total
-------------------------+-------+-------++-------
 Cast: Foxfire           |    51 |    88 ||   139
Armor: Robe              |     2 |     4 ||     6
Dodge: Dodged            |     5 |    15 ||    20
